 Dungeon Crawl Stone Soup version 0.22-a0-469-gf26638a (webtiles) character file.

86 Darkshadow the Chopper (level 4, 0/41 HPs)
             Began as a Minotaur Berserker on June 11, 2018.
             Was a Believer of Trog.
             Slain by an orc
             ... wielding a +0 dagger
              (6 damage)
             ... on level 3 of the Dungeon.
             The game lasted 00:11:30 (2115 turns).

Darkshadow the Chopper (Minotaur Berserker)         Turns: 2115, Time: 00:11:30

Health: 0/41       AC:  2    Str: 23    XL:     4   Next: 27%
Magic:  3/3        EV: 12    Int:  4    God:    Trog [**....]
Gold:   50         SH:  0    Dex:  9    Spells: 3/3 levels left

rFire    . . .     SeeInvis .   a - +0 hand axe
rCold    . . .     Gourm    .   (no shield)
rNeg     . . .     Faith    .   b - +0 animal skin
rPois    .         Spirit   .   (helmet restricted)
rElec    .         Reflect  .   (no cloak)
rCorr    .         Harm     .   (no gloves)
MR       .....                  (no boots)
Stlth    +.........             (no amulet)
HPRegen  0.13/turn              (no ring)
MPRegen  0.08/turn              (no ring)

@: about to teleport
A: retaliatory headbutt, horns 2
a: Berserk, Trog's Hand, Renounce Religion


You were on level 3 of the Dungeon.
You worshipped Trog.
Trog was pleased with you.
You were hungry.

You visited 1 branch of the dungeon, and saw 3 of its levels.

You collected 50 gold pieces.

Inventory:

Hand Weapons
 a - a +0 hand axe (weapon)
 o - a +0 mace
Missiles
 g - 131 stones
 k - 5 tomahawks (quivered)
Armour
 b - a +0 animal skin (worn)
 p - a +0 ring mail
Scrolls
 f - a scroll of enchant weapon {unknown}
 h - 4 scrolls of identify
Potions
 d - a potion of ambrosia {unknown}
 e - a potion of might {unknown}
 i - 2 potions of brilliance
 j - a potion of agility {unknown}
 m - a potion of curing {unknown}
 n - a potion of lignification {unknown}
Comestibles
 c - 6 rations


   Skills:
 + Level 4.3 Fighting
 * Level 5.2 Axes
 + Level 0.2 Throwing
 + Level 3.0 Armour
 - Level 2.3 Dodging


You had 3 spell levels left.
You didn't know any spells.
Your spell library was empty.

Dungeon Overview and Level Annotations

Branches:
Dungeon (3/15)

Altars:


Innate Abilities, Weirdness & Mutations

You reflexively headbutt those who attack you in melee.
You have a pair of horns on your head.


Message History

It is a scroll of identify.
i - 2 potions of brilliance The orc closely misses you.
The orc misses you.
As you read the scroll labeled GACOLEULLU, it crumbles to dust.
You feel blessed for a moment.
It was a scroll of remove curse.
The orc barely misses you.
The orc throws a tomahawk.
The tomahawk hits you.
* * * LOW HITPOINT WARNING * * *
As you read the scroll labeled BEOSA EVUXKUSK, it crumbles to dust.
You feel strangely unstable.
It was a scroll of teleportation.
The orc hits you but does no damage. The orc hits you with a whip.
* * * LOW HITPOINT WARNING * * *
The orc throws a tomahawk.
The tomahawk closely misses you.
You closely miss the orc.
You kill the orc!
Trog accepts your kill.
You closely miss the orc. The orc hits you with a dagger.
* * * LOW HITPOINT WARNING * * *
The orc throws a tomahawk.
The tomahawk completely misses you.
You barely miss the orc. The orc hits you with a dagger.
You die...

#.## ...# #..#
#..# ### #..#
##.. ..#
##...## #o#
####. #.)###@#
....###.oo.)#
#..#.(#####
#######...##
.........######
##............#
#$####..####.#
# #..# #.# #..#
#.#


You could see an orc priest and 2 orcs.

Vanquished Creatures
  Terence (D:2)
  2 adders (D:2)
  A dart slug (D:2)
  3 leopard geckos
  2 orcs (D:3)
  3 bats
  A giant cockroach (D:2)
  2 goblins (D:2)
  8 hobgoblins
  3 kobolds
  2 quokkas
  A ball python (D:2)
  4 frilled lizards
  4 rats
37 creatures vanquished.

Notes
Turn   | Place    | Note
-------+----------+-------------------------------------------
     0 | D:1      | Darkshadow the Minotaur Berserker began the quest for the Orb.
     0 | D:1      | Reached XP level 1. HP: 19/19 MP: 0/0
   336 | D:1      | Reached XP level 2. HP: 23/27 MP: 1/1
   610 | D:2      | Reached skill level 4 in Axes
  1006 | D:2      | Reached ** piety under Trog
  1108 | D:2      | Reached XP level 3. HP: 33/33 MP: 2/2
  1374 | D:2      | Noticed Terence
  1384 | D:2      | Killed Terence
  1384 | D:2      | Reached skill level 5 in Axes
  1384 | D:2      | Reached XP level 4. HP: 16/41 MP: 3/3
  2115 | D:3      | Slain by an orc

Vault maps used:
D:1:      minmay_arrival_wavy_path, minmay_box_of_dots
D:2:      minmay_wonky_spiral, uniq_terence
D:3:      zin_treasury, minivault_23

Skill      XL: |  1  2  3 |
---------------+----------+-----
Axes           | 4 5 |  5.2
Fighting       | 4 |  4.3
Armour         | 3 |  3.0
Throwing       | |  0.2
Dodging        | |  2.3

Action                   |  1- 3 |  4- 6 || total
-------------------------+-------+-------++-------
Melee: Hand axe          |    64 |    12 ||    76
       Headbutt          |     7 |     3 ||    10
Throw: Tomahawk          |    12 |     3 ||    15
       Stone             |     3 |       ||     3
  Use: Scroll            |       |     3 ||     3
 Stab: Sleeping          |     1 |       ||     1
  Eat: Chunk             |     1 |     2 ||     3
Armor: Animal skin       |     9 |       ||     9
Dodge: Dodged            |    36 |    13 ||    49

Table legend:
 A = Spawn XP
 B = Non-spawn XP
 C = Spawn XP percentage of total XP
 D = Spawn monster count
 E = Non-spawn monster count
 F = Spawn count percentage of total count
 G = Total turns spent on level
                    A         B        C        D         E        F      G
               +---------+---------+-------+---------+---------+-------+---------
         Total |       0 |     124 |   0.0 |       0 |      37 |   0.0 |  2115
               +---------+---------+-------+---------+---------+-------+---------
           D:1 |       0 |      15 |   0.0 |       0 |       9 |   0.0 |   594
           D:2 |       0 |     100 |   0.0 |       0 |      24 |   0.0 |  1405
           D:3 |       0 |       9 |   0.0 |       0 |       4 |   0.0 |   116
               +---------+---------+-------+---------+---------+-------+---------
